 Dungeon Crawl Stone Soup version 0.29.0-11-gd7f09526c8 (webtiles) character file.

Game seed: 3015494244504962933

21 Strat the Chopper (level 3, -2/33 HPs)
             Began as a Meteoran Berserker on Sept 4, 2022.
             Was a Follower of Trog.
             Killed by divine providence
             ... invoked by an orc priest
              (16 damage)
             ... on level 3 of the Dungeon.
             The game lasted 00:02:07 (362 turns).

Strat the Chopper (Meteoran Berserker)               Turns: 362, Time: 00:02:08

Health: -2/33      AC:  2    Str: 20    XL:     3   Next: 20%
Magic:  4/4        EV: 12    Int:  8    God:    Trog [*.....]
Gold:   60         SH:  0    Dex: 14    Spells: 2/2 levels left

rFire   . . .      SeeInvis .   a - +0 hand axe
rCold   . . .      Faith    .   (no shield)
rNeg    . . .      Spirit   .   b - +0 animal skin
rPois   .          Reflect  .   (no helmet)
rElec   .          Harm     .   (no cloak)
rCorr   .          Rampage  .   (no gloves)
Will    .....                   (no boots)
Stlth   +.........              (no amulet)
HPRegen 0.11/turn               (no ring)
MPRegen 0.09/turn               (no ring)

@: glowing
A: sense surroundings 1, otherworldly, glowing, explore regen
a: Renounce Religion, Berserk


You were on level 3 of the Dungeon.
You worshipped Trog.
Trog was aware of your devotion.
You visited 1 branch of the dungeon, and saw 3 of its levels.

You collected 60 gold pieces.

Inventory:

Hand Weapons
 a - a +0 hand axe (weapon)
Armour
 b - a +0 animal skin (worn)
 i - a +0 chain mail
Scrolls
 d - 2 scrolls of teleportation {unknown}
 e - a scroll of identify {unknown}
 f - a scroll of vulnerability {unknown}
 g - a scroll of fear {unknown}
Potions
 c - a potion of invisibility {unknown}
 h - a potion of lignification {unknown}
 j - a potion of haste {unknown}
 k - a potion of attraction {unknown}


   Skills:
 + Level 3.7 Fighting
 * Level 4.5 Axes
 - Level 2.4 Armour
 - Level 2.4 Dodging


You had 2 spell levels left.
You didn't know any spells.
Your spell library was empty.

Dungeon Overview and Level Annotations

Branches:
Dungeon (3/15) Zot: 1433

Altars:


Innate Abilities, Weirdness & Mutations

You passively map a small area around you.
You are easily found by Zot.
You glow in the dark.
You regain HP and MP as you explore.


Message History

You see here 6 stones.
Found a stone staircase leading down.
Found 12 gold pieces.
You now have 42 gold pieces (gained 12).
There is a stone staircase leading down here.
You climb downwards.
You hear the sound of rushing water.
There is an entrance to a sewer on this level.
Hurry and find it before the portal rusts away!
Found 18 gold pieces.
There is a stone staircase leading up here.
You now have 60 gold pieces (gained 18).
An orc and an endoplasm come into view.
The orc shouts!
The endoplasm quivers.
You hear a shout! x2
An orc priest comes into view. It is wielding a +0 dagger.
Unknown command.
The endoplasm attacks as you move away! The endoplasm barely misses you.
An orc comes into view. It is wielding a +3 flail.
The orc priest invokes the aid of Beogh against you.
Beogh smites you!
* * * LOW HITPOINT WARNING * * *
You hit the endoplasm.
The endoplasm is heavily wounded.
The endoplasm freezes you.
You are frozen.
* * * LOW HITPOINT WARNING * * *
You slash the endoplasm!
You kill the endoplasm!
Trog accepts your kill.
There is a stone staircase leading up here.
The orc hits you with a +0 war axe.
* * * LOW HITPOINT WARNING * * *
You hit the orc.
The orc is lightly wounded.
The orc barely misses you.
You hit the orc but do no damage. The orc misses you.
The orc priest mumbles some strange prayers to Beogh against you.
Beogh smites you!
You die...

#.# o..
#.#.o. , *
,
###.#.##.#*
*
#........#
* * #.# * ,
* #.# , *
,#o# , ,
*,#o# # * *
,#@#.# ,
#<..# , ,
#.###* , *
#.. , , ,*
#### , , *
, , , ,


You could see an orc priest and an orc.

Vanquished Creatures
  2 dart slugs (D:2)
  A bat (D:2)
  4 endoplasms
  A giant cockroach (D:2)
  A goblin (D:2)
  3 hobgoblins (D:1)
  A ball python (D:1)
  A frilled lizard (D:2)
  A rat (D:2)
15 creatures vanquished.

Notes
Turn   | Place    | Note
-------+----------+-------------------------------------------
     0 | D:1      | Strat the Meteoran Berserker began the quest for the Orb.
     0 | D:1      | Reached XP level 1. HP: 19/19 MP: 2/2
   108 | D:1      | Reached skill level 4 in Axes
   108 | D:1      | Reached XP level 2. HP: 22/26 MP: 3/3
   299 | D:2      | Reached XP level 3. HP: 31/31 MP: 4/4
   362 | D:3      | Killed from afar by an orc priest

Illustrated notes

Levels and vault maps discovered:
D:1:      matt_arrival_refuge, layout_loops_ring,
          hellmonk_ecumenical_altar_blasted
D:2:      layout_loops_ring, minmay_pentomino_o2
D:3:      layout_basic, gup_sewer_entry_glass, interstate_on_off,
          uniq_crazy_yiuf_cottage

Skill      XL: |  1 |
---------------+----+-----
Axes           | 4 |  4.5
Fighting       | |  3.7
Armour         | |  2.4
Dodging        | |  2.4

Action                   || total
-------------------------++-------
Melee: Hand axe          ||    43
Armor: Animal skin       ||     4
Dodge: Dodged            ||    20
